 Dungeon Crawl Stone Soup version 0.16-a0-331-g39fd2ee (webtiles) character file.

113 Ratboiler the Insei (level 4, -3/28 HPs)
             Began as an Octopode Transmuter on Sept 6, 2014.
             Killed from afar by an orc wizard (11 damage)
             ... with a puff of flame
             ... on Level 3 of the Dungeon.
             The game lasted 00:05:47 (2478 turns).

Ratboiler the Insei (Octopode Transmuter)           Turns: 2478, Time: 00:05:47

HP  -3/28        AC  1     Str  9      XL: 4   Next: 96%
MP   6/7         EV 12     Int 15      God:
Gold 121         SH  0     Dex 13      Spells:  3 memorised,  1 level left

rFire  . . .     SeeInvis .       - Unarmed
rCold  . . .     Clarity  .     (no shield)
rNeg   . . .     rCorr    .     (helmet restricted)
rPois  .         rRot     .     (no amulet)
rElec  .         Spirit   .     (no ring)
SustAb .         Warding  .     (no ring)
rMut   .         Stasis   .     (no ring)
Gourm  .                        (no ring)
MR     .....                    (no ring)
                                (no ring)
                                (no ring)
                                (no ring)

@: confused, not resistant to hostile enchantments, unstealthy
A: almost no armour, amphibious, 8 rings, constrict 8, camouflage 1, gelatinous
body 1
a: no special abilities


You were on level 3 of the Dungeon.
You were not hungry.

You visited 1 branch of the dungeon, and saw 3 of its levels.

You collected 121 gold pieces.

Inventory:

Missiles
 b - 77 arrows
 p - 14 poisoned needles
Comestibles
 a - 3 bread rations
 f - a rotting chunk of giant cockroach flesh
 h - a fruit
 n - a chunk of orc flesh
Scrolls
 c - a scroll of amnesia
 i - a scroll of remove curse
 j - a scroll of enchant weapon {unknown}
 k - a scroll of magic mapping {unknown}
 m - 2 scrolls of teleportation
 o - a scroll of identify {unknown}
 r - a scroll of immolation {unknown}
Potions
 g - a potion of curing {unknown}
 l - a potion of confusion {unknown}
 q - a potion of mutation {unknown}
Books
 d - a book of Changes

   Spells                             Type                      Level
   *Beastly Appendage                 Transmutation                1
   *Sticks to Snakes                  Transmutation                2
   *Spider Form                       Transmutation/Poison         3
   Ice Form                           Ice/Transmutation            4
   Blade Hands                        Transmutation                5


   Skills:
 - Level 1.0 Fighting
 - Level 2.0 Dodging
 - Level 4.3 Unarmed Combat
 - Level 2.0 Spellcasting
 + Level 3.8 Transmutations


You had one spell level left.
You knew the following spells:

 Your Spells              Type           Power        Failure   Level  Hunger
a - Beastly Appendage     Trmt           ##....       6%          1    #......
b - Sticks to Snakes      Trmt           ##........   10%         2    ###....
c - Spider Form           Trmt/Pois      #.........   34%         3    ####...


Dungeon Overview and Level Annotations

Branches:
Dungeon (3/15)

Altars:

Annotations:
D:2 Sigmund


Innate Abilities, Weirdness & Mutations

You cannot wear most types of armour.
You are amphibious.
You can wear up to eight rings at the same time.
You can use your tentacles to constrict many enemies at once.
Your skin changes colour to match your surroundings (Stealth).
Your rubbery body absorbs attacks (AC +1).


Message History

You're too confused to move!
Something hits you.
* * * LOW HITPOINT WARNING * * *
Unknown command.
Drink which item? (? for menu, Esc to quit)
You feel much better.
It was a potion of heal wounds.
The orc hits you. Something hits you. The orc hits you.
You bump into the rock wall.
The orc closely misses you.
You hear some strange, mumbled words.
The puff of flame hits you!
* * * LOW HITPOINT WARNING * * *
You closely miss the orc. Your squeeze misses the orc.
The orc barely misses you.
You miss the orc. Something hits you.
* * * LOW HITPOINT WARNING * * *
The orc closely misses you.
You miss the orc.
You hear some strange, mumbled words.
The puff of flame hits you!
You die...

#=# #.######.####.##
#.# #.# #.# ... #.#
... #.... #)# ..##
.#...$ ##)#####..#
#.#.... #..)......# #
###....#####.........#
#......)...o.#######
#....#####.@## # #..#
#.... ..#### ####


You could see an orc.

Vanquished Creatures
  Ijyb (D:2)
  3 adders (D:2)
  A shadow imp (D:3)
  A giant gecko (D:1)
  An ooze (D:2)
  9 orcs (D:3)
  6 hobgoblins
  5 kobolds
  A ball python (D:2)
  3 giant cockroaches
  A giant newt (D:1)
  6 goblins
  7 rats
45 creatures vanquished.

Vanquished Creatures (collateral kills)
  A worm (D:2)
1 creature vanquished.

Grand Total: 46 creatures vanquished

Notes
Turn   | Place    | Note
--------------------------------------------------------------
     0 | D:1      | Ratboiler, the Octopode Transmuter, began the quest for the Orb.
     0 | D:1      | Reached XP level 1. HP: 13/13 MP: 3/3
   350 | D:1      | Reached XP level 2. HP: 11/18 MP: 2/4
   354 | D:1      | Learned a level 2 spell: Sticks to Snakes
   907 | D:2      | Noticed Sigmund
  1222 | D:2      | Noticed Ijyb
  1233 | D:2      | Killed Ijyb
  1233 | D:2      | Reached skill level 4 in Unarmed Combat
  1233 | D:2      | Reached XP level 3. HP: 19/23 MP: 4/6
  1289 | D:2      | Learned a level 3 spell: Spider Form
  1466 | D:2      | Reached XP level 4. HP: 23/28 MP: 4/7
  2177 | D:3      | Noticed a giant frog
  2478 | D:3      | Killed from afar by an orc wizard

Action                   |  1- 3 |  4- 6 || total
-------------------------+-------+-------++-------
Melee: Unarmed           |    53 |    57 ||   110
 Cast: Beastly Appendage |     8 |     4 ||    12
       Spider Form       |       |     4 ||     4
       Sticks to Snakes  |       |     3 ||     3
  Use: Scroll            |       |     3 ||     3
       Potion            |       |     1 ||     1
 Stab: Sleeping          |     2 |     2 ||     4
  Eat: Chunk             |     2 |     4 ||     6
